 Dungeon Crawl Stone Soup version 0.30.0-21-gd299b56b3f (webtiles) character file.

Game seed: 9021637855702915640

142 qw the Chopper (level 5, -11/32 HPs)
             Began as a Gargoyle Fighter on June 2, 2023.
             Killed by divine providence
             ... invoked by an orc priest
              (16 damage)
             ... on level 4 of the Dungeon.
             The game lasted 00:01:44 (2462 turns).

qw the Chopper (Gargoyle Fighter)                   Turns: 2462, Time: 00:01:45

Health: -11/32     AC: 14    Str: 20    XL:     5   Next: 25%
Magic:  4/4        EV:  7    Int:  8    God:
Gold:   145        SH:  4    Dex: 13    Spells: 4/4 levels left

rFire   . . .        Y - +2 war axe
rCold   . . .        c - +0 buckler
rNeg    + . .        j - +0 chain mail
rPois   inf          (helmet restricted)
rElec   +            (no cloak)
rCorr   .            (no gloves)
SInv    .            l - +0 pair of boots
Will    .....        (no amulet) Stlth
                     (no ring)
HPRegen 0.25/turn    (no ring)
MPRegen 0.09/turn

%: no passive effects
@: about to teleport
A: sickness immunity, AC +4, negative energy resistance 1, electricity
resistance, torment resistance 1, petrification resistance, antennae 1, agile 1,
low MP 1
a: no special abilities


You were on level 4 of the Dungeon.
You visited 1 branch of the dungeon, and saw 4 of its levels.

You collected 145 gold pieces.


Innate Abilities, Weirdness & Mutations

You are immune to sickness and miasma.
Your stone body is resilient. (AC +4)
You are immune to poison.
You resist negative energy. (rN+)
You are resistant to electric shocks. (rElec)
You are resistant to unholy torment.
You are immune to petrification.
You have a pair of small antennae on your head.
You are agile. (Dex +4, Str/Int -1)
Your magical capacity is low. (-10% MP)


   Skills:
 - Level 3.2 Fighting
 + Level 4.6 Axes
 - Level 1.0 Throwing
 - Level 3.2 Armour
 - Level 3.2 Shields


You had 4 spell levels left.
You didn't know any spells.
Your spell library was empty.

Inventory:

Hand Weapons
 f - a +0 whip
 Y - a +2 war axe (weapon)
Missiles
 m - 2 boomerangs
 o - 6 javelins (quivered)
Armour
 c - a +0 buckler (worn)
 j - a +0 chain mail (worn)
 l - a +0 pair of boots (worn)
Scrolls
 k - a scroll of identify
Potions
 b - a potion of attraction
 d - a potion of might
 h - 2 potions of curing
 i - 4 potions of heal wounds

Dungeon Overview and Level Annotations

Branches:
Dungeon (4/15)
 Temple: D:4-7

Altars:
Dithmenos
Ru


Message History

The orc hits you with a +0 club.
The orc priest hits you but does no damage.
You hit the orc priest but do no damage.
You closely miss the orc.
The orc priest mumbles some strange prayers to Beogh against you.
Pain shoots through your body!
You slash the orc priest!
The orc priest is severely wounded.
You slash the orc!
You kill the orc!
You hit the orc but do no damage. You barely miss the orc.
The orc priest begins to cast a cantrip, but forgets the words!
The orc hits you with a +0 hand axe. The orc hits you but does no damage. x2
The orc priest hits you with a +3 short sword.
The orc hits you but does no damage.
Your Throwing skill increases to level 1!
You hit the orc priest.
The orc priest is severely wounded.
You closely miss the orc. You hit the orc.
The orc priest hits you with a +3 short sword.
The orc barely misses you. The orc hits you but does no damage.
You hit the orc priest.
The orc priest is almost dead.
You closely miss the orc. x2; You barely miss the orc.
The orc priest looks braver for a moment.
You block the orc's attack. The orc hits you but does no damage.
The orc closely misses you.
You barely miss the orc priest.
The orc priest is almost dead.
You hit the orc. You barely miss the orc. You closely miss the orc.
The orc priest calls down the wrath of Beogh upon you.
Beogh smites you! The orc hits you but does no damage. x2
The orc closely misses you.
2462 ||| READING scroll of teleportation.
As you read the scroll of teleportation, it crumbles to dust.
You feel strangely unstable.
The orc priest mumbles some strange prayers to Beogh against you.
Beogh smites you!
Ouch! That really hurt!
You die...

#... ... ... ..
## .. .. ...
.### . .
....##..# .# ...
.......)##.#....
........oo......
.......<@o......
.....#..#o.....#
..# #.##......#
## #..#... .##
.# ## #


You could see an orc priest and 3 orcs.

Vanquished Creatures
  4 adders
  3 worms
  5 dart slugs
  6 orcs
  8 ball pythons
  9 bats
  7 endoplasms
  A giant cockroach (D:3)
  4 goblins
  6 hobgoblins
  4 jackals (D:1)
  5 kobolds
  4 quokkas
  4 frilled lizards
  7 rats
77 creatures vanquished.

Notes
Turn   | Place    | Note
-------+----------+-------------------------------------------
     0 | D:1      | qw the Gargoyle Fighter began the quest for the Orb.
     0 | D:1      | Reached XP level 1. HP: 14/14 MP: 1/1
     0 | D:1      | 0 ||| qw: Version: 0.2-a-102-gdf20003
     0 | D:1      | 0 ||| qw: Game counter: 879
     0 | D:1      | 0 ||| qw: Always use a shield: true
     0 | D:1      | 0 ||| qw: God list: Okawaru
     0 | D:1      | 0 ||| qw: Allow faded altars: false
     0 | D:1      | 0 ||| qw: Do Orc after D:15 true
     0 | D:1      | 0 ||| qw: Do second Lair branch before Depths: true
     0 | D:1      | 0 ||| qw: Lair rune preference: random
     0 | D:1      | 0 ||| qw: Plans: Normal, Zot:1-4, Slime:5, God:TSO, Crypt,
                  | Tomb, Pan, Hells, Abyss, Win
     0 | D:1      | 0 ||| PLANNING D:1-11
    31 | D:1      | 31 ||| Stepping ~*~*~tactically~*~*~ (hiding).
    32 | D:1      | 32 ||| Stepping ~*~*~tactically~*~*~ (stealth).
    43 | D:1      | Reached skill level 2 in Axes
    52 | D:1      | Reached XP level 2. HP: 17/19 MP: 2/2
   175 | D:1      | Found a faded altar of an unknown god.
   187 | D:1      | Reached skill level 3 in Axes
   208 | D:1      | Reached XP level 3. HP: 23/23 MP: 3/3
   221 | D:1      | 221 ||| Stepping ~*~*~tactically~*~*~ (stealth).
   223 | D:1      | 223 ||| Stepping ~*~*~tactically~*~*~ (stealth).
   545 | D:1      | 545 ||| UPGRADING to +0 pair of boots.
   550 | D:1      | 550 ||| READING scroll labelled MEZIKI VACZO.
   551 | D:1      | 551 ||| READING scroll labelled XUAVEBR WONUVU.
   566 | D:1      | 566 ||| READING scroll labelled BAODOT BAGOP.
   569 | D:1      | 569 ||| READING scroll labelled ESAOXT XOABB.
   666 | D:2      | 666 ||| Stepping ~*~*~tactically~*~*~ (stealth).
   683 | D:2      | 683 ||| Stepping ~*~*~tactically~*~*~ (stealth).
   928 | D:2      | 928 ||| Stepping ~*~*~tactically~*~*~ (hiding).
   937 | D:2      | Reached XP level 4. HP: 28/28 MP: 4/4
  1039 | D:2      | 1039 ||| Stepping ~*~*~tactically~*~*~ (hiding).
  1040 | D:2      | 1040 ||| Stepping ~*~*~tactically~*~*~ (hiding).
  1049 | D:2      | Reached skill level 4 in Axes
  1424 | D:2      | 1424 ||| UPGRADING to +0 chain mail.
  1434 | D:2      | 1434 ||| DROPPING +0 scale mail.
  1435 | D:2      | 1435 ||| DROPPING orb of wrath.
  1436 | D:2      | 1436 ||| READING scroll labelled HYEXAM UCLYCH.
  1437 | D:2      | 1437 ||| READING 3 scrolls labelled UCASUX BIOSA.
  1438 | D:2      | 1438 ||| DRINKING 5 blue potions.
  1439 | D:2      | 1439 ||| READING 2 scrolls of identify.
  1439 | D:2      | 1439 ||| IDENTIFYING lumpy blue potion
  1440 | D:2      | 1440 ||| DROPPING potion of berserk rage.
  1458 | D:3      | 1458 ||| PLANNING SEWER
  1478 | D:3      | 1478 ||| Stepping ~*~*~tactically~*~*~ (water).
  1547 | D:3      | 1547 ||| Stepping ~*~*~tactically~*~*~ (stealth).
  1711 | D:3      | 1711 ||| DROPPING +0 club.
  1717 | D:3      | Found a shadowy altar of Dithmenos.
  1747 | D:3      | Found a sacrificial altar of Ru.
  1757 | D:3      | 1757 ||| Stepping ~*~*~tactically~*~*~ (stealth).
  1960 | D:3      | Reached XP level 5. HP: 32/32 MP: 5/5
  2030 | D:3      | 2030 ||| READING scroll of enchant weapon.
  2030 | D:3      | 2030 ||| ENCHANTING +1 war axe.
  2084 | D:3      | 2084 ||| RIP SEWER
  2140 | D:3      | 2140 ||| PLANNING D:1-11
  2341 | D:3      | 2341 ||| DRINKING 2 murky white potions.
  2342 | D:3      | 2342 ||| DRINKING 3 bubbling pink potions.
  2343 | D:3      | 2343 ||| DRINKING 2 bubbling cyan potions.
  2343 | D:3      | Gained mutation: You are partially covered in iridescent
                  | scales. (AC +2) [potion of mutation]
  2343 | D:3      | Gained mutation: You are vulnerable to cold. (rC-) [potion
                  | of mutation]
  2343 | D:3      | Gained mutation: You are agile. (Dex +4, Str/Int -1)
                  | [potion of mutation]
  2343 | D:3      | Gained mutation: You are mostly covered in iridescent
                  | scales. (AC +4) [potion of mutation]
  2344 | D:3      | 2344 ||| DRINKING potion of mutation.
  2344 | D:3      | Lost mutation: You are vulnerable to cold. (rC-) [potion of
                  | mutation]
  2344 | D:3      | Lost mutation: You are mostly covered in iridescent scales.
                  | (AC +4) [potion of mutation]
  2344 | D:3      | Lost mutation: You are partially covered in iridescent
                  | scales. (AC +2) [potion of mutation]
  2344 | D:3      | Gained mutation: Your magical capacity is low. (-10% MP)
                  | [potion of mutation]
  2344 | D:3      | Gained mutation: You have a pair of small antennae on your
                  | head. [potion of mutation]
  2345 | D:3      | 2345 ||| READING 3 scrolls of identify.
  2345 | D:3      | 2345 ||| IDENTIFYING fuming amethyst potion
  2346 | D:3      | 2346 ||| READING 2 scrolls of identify.
  2346 | D:3      | 2346 ||| IDENTIFYING glowing ruby potion
  2348 | D:3      | 2348 ||| DROPPING potion of invisibility.
  2349 | D:3      | 2349 ||| DROPPING potion of degeneration.
  2353 | D:3      | 2353 ||| Stepping ~*~*~tactically~*~*~ (stealth).
  2459 | D:4      | Reached skill level 1 in Throwing
  2461 | D:4      | HP: 5/32 [orc priest/divine providence (15)]
  2462 | D:4      | 2462 ||| READING scroll of teleportation.
  2462 | D:4      | Killed from afar by an orc priest

Levels and vault maps discovered:
D:1:      spicycebolla_arrival_clurvy, layout_rooms,
          hellmonk_ecumenical_altar_leap_of_faith
D:2:      layout_basic, st_stairs_10, minmay_heptomino_w4
D:3:      wander_river, layout_loops_ring, general_overflow_altar,
          nicolae_ru_sacrificial_ziggurat, cheibrodos_sewer_entry_bend,
          chequers_avenue, st_stairs_1
D:4:      cheibrodos_old_hovel, layout_cave_pools, lemuel_tele_altar,
          hangedman_decor_points, uniq_grinder, uniq_pikel, uniq_menkaure

Skill      XL: |  1  2  3  4  5 |
---------------+----------------+-----
Axes           | 2 3 4 |  4.6
Throwing       | 1 |  1.0
Fighting       | |  3.2
Armour         | |  3.2
Shields        | |  3.2

Action                     |  1- 3 |  4- 6 || total
---------------------------+-------+-------++-------
  Melee: War axe           |   122 |    89 ||   211
  Throw: Boomerang         |       |    31 ||    31
         Javelin           |       |     9 ||     9
    Use: Scroll            |     4 |     7 ||    11
         Potion            |       |     5 ||     5
 Armour: Scale mail        |    70 |     8 ||    78
         Chain mail        |       |    59 ||    59
  Dodge: Dodged            |    62 |    30 ||    92
  Block: Buckler           |    13 |    24 ||    37

Table legend:
 A = Non-vault XP
 B = Vault XP
 C = Vault XP percentage of total XP
 D = Non-vault monster count
 E = Vault monster count
 F = Vault count percentage of total count
                 A         B        C        D         E       F
            +---------+---------+-------+---------+---------+-------
      Total |     165 |      39 |  19.1 |      64 |      13 |  16.9
            +---------+---------+-------+---------+---------+-------
        D:1 |      62 |       0 |   0.0 |      34 |       0 |   0.0
        D:2 |      18 |      24 |  57.1 |       4 |       8 |  66.7
        D:3 |      82 |      15 |  15.5 |      25 |       5 |  16.7
        D:4 |       3 |       0 |   0.0 |       1 |       0 |   0.0
            +---------+---------+-------+---------+---------+-------
